 Dungeon Crawl Stone Soup version 0.29.1 (webtiles) character file.

Game seed: 14587714511143819595

3 wakxed the Conjurer (level 1, -2/14 HPs)
             Began as a Draconian Conjurer on Sept 14, 2022.
             Slain by a jackal (3 damage)
             ... on level 1 of the Dungeon.
             The game lasted 00:01:32 (80 turns).

wakxed the Conjurer (Draconian Conjurer)              Turns: 80, Time: 00:01:33

Health: -2/14      AC:  4    Str:  9    XL:     1   Next: 41%
Magic:  1/3        EV: 12    Int: 18    God:
Gold:   0          SH:  0    Dex:  9    Spells: 3/4 levels left

rFire   . . .      SeeInvis .   a - +0 long sword
rCold   . . .      Faith    .   (no shield)
rNeg    . . .      Spirit   .   (body armour unavailable)
rPois   .          Reflect  .   (helmet restricted)
rElec   .          Harm     .   (no cloak)
rCorr   .          Rampage  .   (no gloves)
Will    .....                   (no boots)
Stlth   ++........              (no amulet)
HPRegen 0.04/turn               (no ring)
MPRegen 0.08/turn               (no ring)

@: no status effects
A: AC +4, unfitting armour, cold-blooded
a: no special abilities


You were on level 1 of the Dungeon.
You visited 1 branch of the dungeon, and saw 1 of its levels.

Inventory:

Hand Weapons
 a - a +0 long sword (weapon)
Scrolls
 c - a scroll of immolation {unknown}
Potions
 b - a potion of magic


   Skills:
 + Level 0.2 Fighting
 - Level 1.7 Dodging
 - Level 1.7 Stealth
 * Level 2.1 Spellcasting
 + Level 4.0 Conjurations


You had 3 spell levels left.
You knew the following spells:

 Your Spells              Type           Power      Damage    Failure   Level
a - Magic Dart            Conj           64%        1d6       3%          1

Your spell library contained the following spells:

 Spells                   Type           Power      Damage    Failure   Level
 Searing Ray              Conj           32%        2d5       4%          2
 Slow                     Hex            4%         N/A       19%         1
 Dazzling Flash           Conj/Hex       18%        N/A       24%         3
 Confusing Touch          Hex            1%         N/A       47%         3
 Vampiric Draining        Necr           1%         2d6       47%         3
 Fulminant Prism          Conj/Hex       4%         3d6       61%         4
 Iskenderun's Mystic Bla  Conj/Tloc      9%         2d4       61%         4


Dungeon Overview and Level Annotations

Branches:
Dungeon (1/15)

Altars:


Innate Abilities, Weirdness & Mutations

Your plain brown scales are hard. (AC +4)
You cannot fit into any form of body armour.
You are cold-blooded and may be slowed by cold attacks.


Message History

The jackal barks!
Your tail-slap misses the ball python.
The ball python is severely wounded.
The jackal bites you but does no damage.
A jackal comes into view.
The jackal bites you but does no damage.
The ball python bites you. The ball python constricts you.
You closely miss the ball python.
The ball python is severely wounded.
The jackal misses you.
The ball python bites you but does no damage.
The ball python constricts you. The jackal barely misses you.
The ball python bites you. The ball python constricts you.
You slash the ball python!
You kill the ball python!
The jackal barely misses you. x2
The jackal attacks as you move away!
The jackal bites you but does no damage.
The jackal closely misses you. The jackal attacks as you move away!
The jackal bites you but does no damage.
The jackal attacks as you move away! The jackal completely misses you.
The jackal closely misses you. The jackal closely misses you.
The jackal attacks as you move away!
The jackal bites you but does no damage.
The jackal bites you.
* * * LOW HITPOINT WARNING * * *
You open the door. The jackal misses you. The jackal attacks as you move away!
The jackal bites you but does no damage. x2
There is an open door here.
You barely miss the jackal. The jackal closely misses you.
The jackal barely misses you.
The jackal bites you but does no damage.
You closely miss the jackal. The jackal closely misses you. x2
The jackal bites you.
* * * LOW HITPOINT WARNING * * *
The jackal bites you.
You die...

.####. ###........##
......###...........#######.
............................
###................#######.
#.###.###.##......###
#.........###...##
...##.#..## #.#..#
....####h########.# .....#
#.h@......#.# ......#
#.........'.# ......
#.........### #.........#
#.........######
#.........#.'..#
#.........#'#..#
#.........#<##'##
#######'#####...#


You could see 2 jackals.

Vanquished Creatures
  2 ball pythons (D:1)
  A hobgoblin (D:1)
3 creatures vanquished.

Notes
Turn   | Place    | Note
-------+----------+-------------------------------------------
     0 | D:1      | wakxed the Draconian Conjurer began the quest for the Orb.
     0 | D:1      | Reached XP level 1. HP: 14/14 MP: 3/3
    80 | D:1      | Slain by a jackal

Illustrated notes

Levels and vault maps discovered:
D:1:      evilmike_arrival_fibonacci_small, layout_loops_ring

Action                   || total
-------------------------++-------
Melee: Long sword        ||     7
 Cast: Magic Dart        ||     3
Armor: Skin              ||    10
Dodge: Dodged            ||    15
